 Dungeon Crawl Stone Soup version 0.19-a0-1891-ge1d1fe8 (webtiles) character file.

5397 Kaname the Conjurer (level 10, -9/69 HPs)
             Began as a High Elf Wanderer on Oct 18, 2016.
             Was an Elder of Vehumet.
             Mangled by an orc warrior
             ... wielding a +1 short sword of venom
              (16 damage)
             ... on level 9 of the Dungeon.
             The game lasted 00:41:49 (13915 turns).

Kaname the Conjurer (High Elf Wanderer)            Turns: 13915, Time: 00:41:49

Health: -9/69      AC:  6    Str: 15    XL:     10   Next: 40%
Magic:  17/18      EV: 12    Int: 20    God:    Vehumet [****..]
Gold:   473        SH:  0    Dex: 14    Spells: 6 memorised, 3 levels left

rFire  + . .     SeeInvis .     n - +3 dagger (venom)
rCold  . . .     Gourm    .     r - +2 robe {rF+}
rNeg   . . .     Faith    +     (no shield)
rPois  .         Spirit   .     (helmet restricted)
rElec  .         Reflect  .     U - +0 cloak
rCorr  .         Harm     .     (no gloves)
MR     +....                    K - +0 pair of boots
Stlth  +.........               v - amulet of faith
                                (no ring)
                                p - +3 ring of intelligence

@: confused, lethally poisoned (-9 -> -14)
A: horns 1, wild magic 1
a: Renounce Religion


You were on level 9 of the Dungeon.
You worshipped Vehumet.
Vehumet was greatly pleased with you.
You were not hungry.

You visited 2 branches of the dungeon, and saw 10 of its levels.
You also visited: Sewer.

You collected 473 gold pieces.

Inventory:

Hand Weapons
 a - a +0 long sword
 n - a +3 dagger of venom (weapon)
 z - a +2 dagger of flaming
 O - the +11 dagger of Ysaatir {antimagic, rElec MR- Stlth+}
   (You found it on level 8 of the Dungeon)

   It reduces the magical energy of the wielder, and disrupts the spells and
   magical abilities of those hit.
   Natural abilities and divine invocations are not affected.
   It insulates you from electricity.
   It affects your resistance to hostile enchantments.
   It makes you more stealthy.
Missiles
 q - a throwing net (quivered)
Armour
 r - a +2 robe of fire resistance (worn)
 K - a +0 pair of boots (worn)
 U - a +0 cloak (worn)
Jewellery
 p - a +3 ring of intelligence (left hand)
 v - an amulet of faith (around neck)
 J - an uncursed ring of protection from fire
 L - an uncursed ring of protection from cold
Wands
 t - a wand of confusion (28/48)
 x - a wand of polymorph (13/24)
 C - a wand of lightning (3/15)
 E - a wand of confusion (29/48)
 R - a wand of slowing (19/48)
Scrolls
 e - a scroll of fear {unknown}
 g - 2 scrolls of enchant weapon
 h - 2 scrolls of teleportation
 l - 3 scrolls of magic mapping
 s - 2 scrolls of recharging {unknown}
 y - a scroll of enchant armour
 B - a scroll of blinking {unknown}
 F - a scroll of amnesia {unknown}
 H - a scroll of brand weapon {unknown}
 M - 2 scrolls of immolation {unknown}
 N - a scroll of remove curse {unknown}
 S - a scroll of noise {unknown}
Potions
 c - 5 potions of curing
 j - a potion of brilliance
 k - 2 potions of agility
 m - 3 potions of might
 o - 6 potions of flight
 u - a potion of cancellation
 A - a potion of berserk rage {unknown}
 I - a potion of lignification {unknown}
 Q - a potion of heal wounds
Books
 b - a book of Air

   Spells                             Type                      Level
   a - Shock                          Conjuration/Air              1
   b - Swiftness                      Charms/Air                   2
   c - Repel Missiles                 Charms/Air                   2
   d - Static Discharge               Conjuration/Air              3
   e - Lightning Bolt                 Conjuration/Air              5
 d - the Volume of the Frostbite

   Spells                             Type                      Level
   a - Freeze                         Ice                          1
   b - Ozocubu's Armour               Charms/Ice                   3
 w - the Catalogue of Scorching Stolen Souls
   (You found it on level 7 of the Dungeon)

   Spells                             Type                      Level
   a - Animate Skeleton               Necromancy                   1
   b - Ignite Poison                  Fire/Transmutation/Poison    3
   c - Sticky Flame                   Conjuration/Fire             4
   d - Dispel Undead                  Necromancy                   5
   e - Ring of Flames                 Charms/Fire                  7
 D - a book of Minor Magic

   Spells                             Type                      Level
   a - Magic Dart                     Conjuration                  1
   b - Blink                          Translocation                2
   c - Call Imp                       Summoning                    2
   d - Repel Missiles                 Charms/Air                   2
   e - Slow                           Hexes                        2
   f - Conjure Flame                  Conjuration/Fire             3
   g - Mephitic Cloud                 Conjuration/Poison/Air       3
Comestibles
 f - 7 bread rations
 i - 4 meat rations
 G - a royal jelly
 P - a slice of pizza
 T - a chunk of flesh


   Skills:
 - Level 6.7 Fighting
 - Level 5.0 Long Blades
   Level 1.0 Polearms
 - Level 2.0 Throwing
 - Level 1.1 Dodging
 - Level 2.1 Stealth
 - Level 5.2 Spellcasting
 * Level 7.1 Conjurations
 - Level 5.1 Fire Magic
 - Level 6.2 Ice Magic
 - Level 5.0 Air Magic
 - Level 4.1 Poison Magic


You had 3 spell levels left.
You knew the following spells:

 Your Spells              Type           Power        Failure   Level  Hunger
a - Freeze                Ice            ####         1%          1    None
b - Conjure Flame         Conj/Fire      #####...     1%          3    ##.....
c - Blink                 Tloc           N/A          28%         2    None
d - Mephitic Cloud        Conj/Pois/Air  #####...     2%          3    ##.....
e - Repel Missiles        Chrm/Air       ###...       14%         2    None
f - Lightning Bolt        Conj/Air       #####.....   11%         5    #####..


Dungeon Overview and Level Annotations

Branches:
Dungeon (9/15)             Temple (1/1) D:4
   Lair: D:8-11         Orc: D:9-12

Altars:
Cheibriados
Gozag
Hepliaklqana
Makhleb
Nemelex Xobeh
Okawaru
Qazlal
Ru
Sif Muna
Uskayaw
Vehumet
Xom
The Shining One

Shops:
D:2 *


Innate Abilities, Weirdness & Mutations

You have a pair of small horns on your head.
Your spells are a little harder to cast, but a little more powerful.


Message History

You hear a screech!
You hear an angry hiss.
You kill the centaur!
Vehumet accepts your kill.
You feel your power returning.
The orc warrior is engulfed in noxious fumes.
The orc warrior appears confused.
The orc warrior hits you with a short sword of venom.
* * * LOW HITPOINT WARNING * * *
You are poisoned.
Unknown command.
You closely miss the orc warrior.
The orc warrior is lightly wounded.
You are engulfed in noxious fumes.
You choke on the stench!
You are more confused.
* * * LOW HITPOINT WARNING * * *
You feel sick.
The orc warrior is engulfed in noxious fumes.
The orc warrior appears confused.
The orc warrior hits you with a short sword of venom!
You die...

## ... ....### ###########
....... #.........#####
.......###.........#...###
......o5o@.........'...'..
.......###.........#...###
....... ###############
####.(. #... #... #...
###. ####


You could see an orc warrior (confused), a shadow imp and an orc.

Vanquished Creatures
  Grinder (D:7)
  A hippogriff (D:7)
  Sigmund (D:2)
  A wyvern (D:8)
  A hungry ghost (D:7)
  Menkaure (D:5)
  2 sky beasts
  2 orc warriors
  2 necrophages
  4 ice beasts
  4 phantoms
  6 ogres
  7 centaurs
  5 big kobolds
  A bullfrog (D:7)
  A scorpion (D:6)
  5 killer bees (D:4)
  2 howler monkeys
  A bullfrog zombie (D:6)
  2 hounds
  3 crimson imps
  5 orc priests
  A jelly (D:8)
  9 orc wizards
  2 bullfrog skeletons
  Jessica (D:2)
  A centaur skeleton (D:5)
  2 iguanas (D:8)
  Ijyb (D:2)
  Natasha (thrice) (D:3)
  7 worker ants
  A howler monkey zombie (D:8)
  A howler monkey skeleton (D:6)
  13 adders
  2 shadow imps
  3 oozes
  2 adder zombies
  A worm (D:2)
  2 dart slugs
  3 leopard geckos
  41 orcs
  4 ball pythons (Sewer)
  11 bats
  8 giant cockroaches
  8 goblins
  13 hobgoblins
  13 jackals
  4 quokkas
  A ball python zombie (D:5)
  4 frilled lizards
  A goblin zombie (D:5)
  6 hobgoblin zombies (D:5)
  A jackal skeleton (D:4)
  19 kobolds
  A kobold skeleton (D:5)
  A kobold zombie (D:5)
  A leopard gecko skeleton (D:4)
  10 rats
260 creatures vanquished.

Notes
Turn   | Place    | Note
-------+----------+-------------------------------------------
     0 | D:1      | Kaname the High Elf Wanderer began the quest for the Orb.
     0 | D:1      | Kaname set off with: a +2 dagger, a potion of heal wounds, a potion of curing, the Volume of the Frostbite, a +0 robe, a bread ration
     0 | D:1      | Reached XP level 1. HP: 13/13 MP: 4/4
     0 | D:1      | Identified the Volume of the Frostbite
     2 | D:1      | Learned a level 1 spell: Freeze
   433 | D:1      | Reached XP level 2. HP: 7/18 MP: 0/6
  1503 | D:1      | Reached XP level 3. HP: 23/23 MP: 5/7
  2010 | D:2      | Noticed Jessica
  2039 | D:2      | Killed Jessica
  2039 | D:2      | Reached XP level 4. HP: 20/28 MP: 3/8
  2116 | D:2      | Noticed Ijyb
  2135 | D:2      | Killed Ijyb
  2442 | D:2      | Found Gozag's Platinum Reserve.
  2478 | D:2      | Noticed Sigmund
  2518 | D:2      | Found an opulent altar of Gozag.
  2815 | D:2      | Killed Sigmund
  2815 | D:2      | Reached XP level 5. HP: 23/33 MP: 5/9
  2815 | D:2      | Reached XP level 6. HP: 26/38 MP: 5/10
  3322 | D:3      | Noticed Natasha
  3326 | D:3      | Killed Natasha
  3373 | D:3      | Noticed an ice beast
  3711 | D:3      | Noticed Natasha
  3718 | D:3      | Killed Natasha
  3720 | D:3      | Reached skill level 1 in Long Blades
  3832 | D:3      | Found a hazy altar of Hepliaklqana.
  3933 | D:3      | Noticed Natasha
  3937 | D:3      | Killed Natasha
  4050 | D:3      | Killed an ice beast
  4050 | D:3      | Reached XP level 7. HP: 34/46 MP: 11/11
  4135 | D:4      | Found a deep blue altar of Sif Muna.
  4160 | D:4      | Found a staircase to the Ecumenical Temple.
  4170 | Temple   | Entered the Ecumenical Temple
  4218 | Temple   | Became a worshipper of Vehumet
  4434 | D:4      | Found a glowing drain.
  4446 | Sewer    | Entered a sewer
  4656 | Sewer    | Reached skill level 5 in Fighting
  4936 | Sewer    | Reached XP level 8. HP: 53/57 MP: 7/12
  4942 | Sewer    | Reached * piety under Vehumet
  4942 | Sewer    | Offered knowledge of Magic Dart by Vehumet.
  5610 | D:4      | Reached skill level 5 in Long Blades
  5905 | D:4      | Offered knowledge of Shock by Vehumet.
  5912 | D:4      | Learned a level 3 spell: Conjure Flame
  5915 | D:4      | Learned a level 2 spell: Blink
  5919 | D:4      | Learned a level 3 spell: Mephitic Cloud
  5953 | D:5      | Entered Level 5 of the Dungeon
  5974 | D:5      | Reached ** piety under Vehumet
  6094 | D:5      | Reached skill level 1 in Conjurations
  6158 | D:5      | Found a glowing golden altar of the Shining One.
  6179 | D:5      | Reached skill level 2 in Conjurations
  6271 | D:5      | Reached skill level 3 in Conjurations
  6301 | D:5      | Found a hide-covered altar of Uskayaw.
  6356 | D:5      | Reached skill level 4 in Conjurations
  6450 | D:5      | Found an iron altar of Okawaru.
  6567 | D:5      | Offered knowledge of Throw Frost by Vehumet.
  6660 | D:5      | Reached skill level 5 in Conjurations
  6910 | D:5      | Reached skill level 1 in Fire Magic
  7181 | D:5      | Noticed Menkaure
  7211 | D:5      | Killed Menkaure
  7211 | D:5      | Reached XP level 9. HP: 21/63 MP: 13/13
  7535 | D:5      | Reached *** piety under Vehumet
  7792 | D:5      | Learned a level 2 spell: Repel Missiles
  8106 | D:6      | Reached skill level 5 in Fire Magic
  8444 | D:6      | Noticed Grinder
  8451 | D:6      | Paralysed by Grinder for 7 turns
  8901 | D:6      | Reached skill level 1 in Poison Magic
  9249 | D:5      | Gained mutation: Your spells are a little easier to cast, but a little less powerful. [mutagenic meat]
  9766 | D:6      | Gained mutation: You are clumsy. (Dex -2) [mutagenic meat]
  9769 | D:6      | Lost mutation: You are clumsy. (Dex -2) [mutagenic meat]
  9772 | D:6      | Gained mutation: You have a pair of small horns on your head. [mutagenic meat]
  9775 | D:6      | Lost mutation: Your spells are a little easier to cast, but a little less powerful. [mutagenic meat]
  9778 | D:6      | Gained mutation: Your spells are a little harder to cast, but a little more powerful. [mutagenic meat]
 10363 | D:7      | Identified the Catalogue of Scorching Stolen Souls
 10415 | D:7      | Offered knowledge of Fulminant Prism by Vehumet.
 10513 | D:7      | Paralysed by Grinder for 6 turns
 10557 | D:7      | Killed Grinder
 10729 | D:7      | Learned a level 5 spell: Lightning Bolt
 10753 | D:7      | Reached skill level 5 in Spellcasting
 10975 | D:7      | Found a burning altar of Makhleb.
 10975 | D:7      | Noticed a green death
 11192 | D:8      | Reached skill level 1 in Air Magic
 11210 | D:8      | Reached XP level 10. HP: 27/67 MP: 18/18
 11369 | D:8      | Got a translucent dagger
 11372 | D:8      | Identified the +11 dagger of Ysaatir {antimagic, rElec MR- Stlth+} (You found it on level 8 of the Dungeon)
 11936 | D:8      | Reached skill level 5 in Air Magic
 12340 | D:8      | Found a snail-covered altar of Cheibriados.
 12536 | D:8      | Reached skill level 6 in Conjurations
 12606 | D:8      | Reached **** piety under Vehumet
 13031 | D:9      | Offered knowledge of Airstrike by Vehumet.
 13849 | D:9      | Reached skill level 7 in Conjurations
 13909 | D:9      | HP: 3/67 [orc warrior/short sword of venom (20)]
 13909 | D:9      | HP: 1/67 [centaur (2)]
 13915 | D:9      | Mangled by an orc warrior

Vault maps used:
D:1:      tarquinn_simple_flora_water_d
D:2:      serial_curves, eino_curves_02, eino_curves_02,
          nicolae_gozag_zags_fifth_avenue, uniq_iyjb, uniq_sigmund, uniq_jessica
D:3:      marbit_many_paths, first_bread, uniq_natasha
D:4:      tgw_sif, gup_sewer_entry_bowl, minivault_23
D:5:      wad_river_or_something, okawaru_gym_becter,
          nicolae_overflow_hidden_temple, nicolae_tso_besieged_by_evil,
          uniq_menkaure
D:6:      uniq_grinder
D:7:      cheibrodos_quashed, makhleb_altar_promises_db,
          kennysheep_generic_room_14
D:8:      basic_altar, minmay_checkerbox
D:9:      minmay_blocky_corners
Temple:   regret_index_temple_generic_petals
Sewer:    kennysheep_pipe_town

Skill      XL: |  1  2  3  4  5  6  7  8  9 10 |
---------------+-------------------------------+-----
Ice Magic      | 2 3 6 |  6.2
Fighting       | 3 5 6 |  6.7
Long Blades    | 2 4 5 |  5.0
Conjurations   | 5 7 |  7.1
Fire Magic     | 2 5 |  5.1
Poison Magic   | 4 |  4.1
Spellcasting   | 5 |  5.2
Air Magic      | 2 5 |  5.0
Polearms       | |  1.0
Throwing       | |  2.0
Dodging        | |  1.1
Stealth        | |  2.1

Action                   |  1- 3 |  4- 6 |  7- 9 | 10-12 || total
-------------------------+-------+-------+-------+-------++-------
Melee: Dagger            |    71 |   161 |   601 |   209 ||  1042
       Headbutt          |       |       |    17 |    47 ||    64
 Cast: Freeze            |    16 |    43 |    47 |     1 ||   107
       Mephitic Cloud    |       |       |     4 |     4 ||     8
       Conjure Flame     |       |       |     2 |     2 ||     4
       Blink             |       |       |     2 |     1 ||     3
  Use: Scroll            |       |       |     8 |     1 ||     9
       Potion            |       |       |     8 |     2 ||    10
 Stab: Sleeping          |     6 |     2 |     3 |     3 ||    14
       Confused          |       |       |     2 |     1 ||     3
  Eat: Chunk             |     4 |     7 |    30 |     9 ||    50
       Fruit             |       |       |     2 |       ||     2
       Pizza             |       |       |     1 |       ||     1
Armor: Robe              |    11 |    52 |   147 |    50 ||   260
Dodge: Dodged            |    43 |   101 |   321 |   103 ||   568
